 Dungeon Crawl Stone Soup version 0.25-a0-24-g72dcfe0359 (webtiles) character file.

Game seed: 17022339395267549052, levelgen mode: deterministic

60 Dycilia the Ruffian (level 3, -9/29 HPs)
             Began as a Draconian Transmuter on Oct 17, 2019.
             Engulfed by Ijyb's freezing vapour (28 damage)
             ... on level 3 of the Dungeon.
             The game lasted 00:13:53 (2553 turns).

Dycilia the Ruffian (Draconian Transmuter)          Turns: 2553, Time: 00:13:53

Health: -9/29      AC:  5    Str: 12    XL:     3   Next: 80%
Magic:  3/6        EV: 12    Int: 14    God:
Gold:   49         SH:  0    Dex: 11    Spells: 0/6 levels left

rFire    . . .     SeeInvis .     - Unarmed
rCold    . . .     Gourm    .   (no shield)
rNeg     . . .     Faith    .   (armour unavailable)
rPois    .         Spirit   .   (helmet restricted)
rElec    .         Reflect  .   (no cloak)
rCorr    .         Harm     .   (no gloves)
MR       .....                  (no boots)
Stlth    +.........             (no amulet)
HPRegen  0.09/turn              (no ring)
MPRegen  0.10/turn              (no ring)

@: appendage, slowed, very slow
A: unfitting armour, horns 2, cold-blooded, AC +5
a: End Transformation


You were on level 3 of the Dungeon.
You were not hungry.
You had grown temporary horns.
You visited 1 branch of the dungeon, and saw 3 of its levels.

You collected 49 gold pieces.

Inventory:

Missiles
 a - 44 arrows
Scrolls
 b - a scroll of enchant armour {unknown}
 f - 2 scrolls of remove curse {unknown}
 h - a scroll of enchant weapon {unknown}
 i - a scroll of magic mapping {unknown}
 l - a scroll of teleportation {unknown}
 o - a scroll of random uselessness {unknown}
 p - a scroll of fear {unknown}
Potions
 d - a potion of might {unknown}
 e - a potion of heal wounds {unknown}
 g - a potion of berserk rage {unknown}
 j - 2 potions of cancellation {unknown}
 k - 2 potions of haste {unknown}
 m - a potion of resistance {unknown}
 n - a potion of degeneration {unknown}
Comestibles
 c - 4 rations


   Skills:
 - Level 2.1 Fighting
 + Level 2.3 Dodging
 + Level 3.5 Unarmed Combat
 - Level 2.0 Spellcasting
 - Level 2.5 Transmutations
 * Level 0.6 Poison Magic


You couldn't memorise any spells.
You knew the following spells:

 Your Spells              Type           Power        Failure   Level  Hunger
a - Beastly Appendage     Tmut           #.....       9%          1    ##.....
b - Sticks to Snakes      Tmut           #.......     13%         2    ###....
c - Spider Form           Tmut/Pois      #.........   36%         3    ####...

Your spell library contained the following spells:

 Spells                   Type           Power        Failure   Level  Hunger
 Ice Form                 Ice/Tmut       #.......     80%         4    #####..
 Blade Hands              Tmut           #.........   93%         5    ######.


Dungeon Overview and Level Annotations

Branches:
Dungeon (3/15)

Altars:
The Shining One

Annotations:
D:3 Ijyb


Innate Abilities, Weirdness & Mutations

Your plain brown scales are hard. (AC +5)
You cannot fit into any form of body armour.
You are cold-blooded and may be slowed by cold attacks.
You have a pair of horns on your head.


Message History

You hit Ijyb. You headbutt Ijyb.
Ijyb is moderately wounded.
Ijyb zaps a wand.
Ijyb creates a blast of freezing vapour!
Your ball python bites Ijyb but does no damage.
Your ball python constricts Ijyb.
The giant cockroach bites your ball python.
You completely miss Ijyb. You headbutt Ijyb.
Ijyb is heavily wounded.
You are engulfed in freezing vapours.
You feel yourself slow down. Ijyb misses you.
Your ball python bites Ijyb but does no damage.
Your ball python constricts Ijyb.
The giant cockroach closely misses your ball python.
You hit Ijyb but do no damage. You headbutt Ijyb.
Ijyb is heavily wounded.
You are engulfed in freezing vapours.
You feel as though you will be slow longer.
Ouch! That really hurt!
You die...

#.# #### #####.# #...
.##....#
#.#.########.##...†##
#............##.....##
#.............+..)...###
#.#.#.....#####........#
g..#.###.#............#
.s...#.g@#.#...#.#'######
..#....###S#.#.#.#.#.#
.#.#... s.#.###.#<#.#
#._.#.# #..#.....###.#
.#.#.. #.<#.........#
#..#.######### ...#.#
#.##.# ..#


You could see Ijyb, a giant cockroach and a friendly ball python.

Vanquished Creatures
  Robin (D:2)
  An adder (D:2)
  A worm (D:1)
  2 giant cockroaches
  12 goblins
  4 hobgoblins
  A quokka (D:2)
  9 bats
  3 frilled lizards (D:1)
  5 kobolds
  5 rats
44 creatures vanquished.

Notes
Turn   | Place    | Note
-------+----------+-------------------------------------------
     0 | D:1      | Dycilia the Draconian Transmuter began the quest for the
                  | Orb.
     0 | D:1      | Reached XP level 1. HP: 16/16 MP: 3/3
   285 | D:1      | Reached XP level 2. HP: 17/23 MP: 3/5
  1136 | D:2      | Learned a level 2 spell: Sticks to Snakes
  1215 | D:2      | Reached XP level 3. HP: 23/29 MP: 1/6
  1366 | D:2      | Noticed Robin
  1723 | D:1      | Learned a level 3 spell: Spider Form
  1742 | D:2      | Killed Robin
  2461 | D:2      | Found a glowing golden altar of the Shining One.
  2540 | D:3      | Found a faded altar of an unknown god.
  2540 | D:3      | Noticed Ijyb
  2553 | D:3      | Engulfed by Ijyb's freezing vapour

Levels and vault maps discovered:
D:1:      psy_arrival_fountain, layout_loops_cross
D:2:      layout_basic, tso_oasis_becter, first_ration, uniq_robin
D:3:      corexii_shack_village, layout_basic, lemuel_round_altar,
          chequers_ecumenical_altar_simple_redux, st_stairs_6, uniq_ijyb

Skill      XL: |  1  2  3 |
---------------+----------+-----
Dodging        | 2 |  2.3
Fighting       | 2 |  2.1
Unarmed Combat | |  3.5
Spellcasting   | |  2.0
Transmutations | |  2.5
Poison Magic   | |  0.6

Action                   || total
-------------------------++-------
Melee: Unarmed           ||   131
       Headbutt          ||    13
       Tailslap          ||    12
       Kick              ||     2
       Punch             ||     2
 Cast: Beastly Appendage ||    25
       Sticks to Snakes  ||     8
  Eat: Ration            ||     2
Armor: Skin              ||    34
Dodge: Dodged            ||   105

Table legend:
 A = Non-vault XP
 B = Vault XP
 C = Vault XP percentage of total XP
 D = Non-vault monster count
 E = Vault monster count
 F = Vault count percentage of total count
                 A         B        C        D         E       F
            +---------+---------+-------+---------+---------+-------
      Total |      56 |      30 |  34.9 |      33 |      11 |  25.0
            +---------+---------+-------+---------+---------+-------
        D:1 |      40 |       3 |   7.0 |      27 |       2 |   6.9
        D:2 |      15 |      27 |  64.3 |       5 |       9 |  64.3
        D:3 |       1 |       0 |   0.0 |       1 |       0 |   0.0
            +---------+---------+-------+---------+---------+-------
